 Dungeon Crawl Stone Soup version 0.18-a0-1745-gffa9a88 (webtiles) character file.

77 Eucla the Shooter (level 4, -2/38 HPs)
             Began as a Centaur Hunter on Apr 11, 2016.
             Slain by a centaur (4 damage)
             ... on level 3 of the Dungeon.
             The game lasted 00:03:39 (1755 turns).

Eucla the Shooter (Centaur Hunter)                  Turns: 1755, Time: 00:03:40

Health: -2/38      AC:  7    Str: 15    XL:     4   Next: 13%
Magic:  4/4        EV:  4    Int: 10    God:
Gold:   79         SH:  0    Dex: 10    Spells: 0 memorised, 3 levels left

rFire  . . .     SeeInvis .     a - +1 shortbow
rCold  . . .     Gourm    .     l - +0 chain mail
rNeg   . . .     Faith    .     (shield currently unavailable)
rPois  .         Spirit   .     (no helmet)
rElec  .         Dismiss  .     (no cloak)
rCorr  .         Reflect  .     (no gloves)
SustAt .         Harm     .     (no barding)
MR     +....                    (no amulet)
Stlth  ..........               (no ring)
                                o - ring of protection from magic

@: very quick, somewhat resistant to hostile enchantments, extremely unstealthy
A: hooves 3, deformed body, speed 2, tough skin 3
a: no special abilities


You were on level 3 of the Dungeon.
You were full.

You visited 1 branch of the dungeon, and saw 3 of its levels.

You collected 79 gold pieces.

Inventory:

Hand Weapons
 a - a +1 shortbow (weapon)
 b - a +0 short sword
Missiles
 d - 16 arrows (quivered)
Armour
 c - a +0 leather armour
 l - a +0 chain mail (worn)
Jewellery
 o - a ring of protection from magic (left hand)
 s - an uncursed ring of protection from magic
Scrolls
 g - a scroll of blinking {unknown}
 h - a scroll of enchant weapon {unknown}
 j - a scroll of fog {unknown}
 m - a scroll of recharging {unknown}
 n - a scroll of identify {unknown}
Potions
 e - a potion of heal wounds {unknown}
 i - a potion of brilliance {unknown}
 k - a potion of curing {unknown}
 p - a potion of haste {unknown}
 r - a potion of cancellation {unknown}
Comestibles
 f - a bread ration
 q - a meat ration


   Skills:
 * Level 3.3 Fighting
 - Level 5.3 Bows
 + Level 1.3 Armour
 + Level 1.9 Dodging
 - Level 0.5 Stealth


You had 3 spell levels left.
You didn't know any spells.

Dungeon Overview and Level Annotations

Branches:
Dungeon (3/15)

Altars:
Fedhas
Nemelex Xobeh
Pakellas
Qazlal


Innate Abilities, Weirdness & Mutations

You have hooves in place of feet.
Armour fits poorly on your strangely shaped body.
You cover ground very quickly.
You have extremely tough skin (AC +3).


Message History

* * * LOW HITPOINT WARNING * * *
Unknown command.
You hit the centaur but do no damage. You kick the centaur.
The centaur is moderately wounded.
The centaur hits you.
* * * LOW HITPOINT WARNING * * *
The centaur hits you but does no damage.
Unknown command.
Wield which item (- for none, * to show all)? (? for menu, Esc to quit)
Okay, then.
a - a +1 shortbow (weapon)
Firing (i - inventory):
d - 17 arrows (quivered)
Press: ? - help, Shift-Dir - straight line, f - centaur
Aim: a centaur (moderately wounded)
You shoot an arrow. The arrow hits the centaur!
The centaur is severely wounded.
The centaur hits you.
* * * LOW HITPOINT WARNING * * *
The centaur hits you.
You die...

#>#.#.#
#.##..##.
#.......#
#........
#(#######
###........
#..(####...
#.#(# #.#@#
#...c......#
#..#.####.##
#..#.# #.
#.. #. ### #


You could see a centaur.

Vanquished Creatures
  2 adders (D:2)
  2 oozes (D:1)
  A worm (D:2)
  2 dart slugs (D:1)
  5 giant geckos
  7 goblins
  5 hobgoblins
  2 ball pythons (D:1)
  3 bats
  4 kobolds
  8 rats
41 creatures vanquished.

Notes
Turn   | Place    | Note
--------------------------------------------------------------
     0 | D:1      | Eucla the Centaur Hunter began the quest for the Orb.
     0 | D:1      | Reached XP level 1. HP: 17/17 MP: 1/1
   114 | D:1      | Reached XP level 2. HP: 17/25 MP: 2/2
   376 | D:1      | Reached XP level 3. HP: 8/30 MP: 3/3
  1137 | D:2      | Reached skill level 1 in Armour
  1171 | D:2      | Found a stormy altar of Qazlal.
  1173 | D:2      | Noticed a water elemental
  1174 | D:2      | Noticed a fire elemental
  1174 | D:2      | Noticed an air elemental
  1174 | D:2      | Noticed an earth elemental
  1409 | D:2      | Found a blossoming altar of Fedhas.
  1417 | D:2      | Reached XP level 4. HP: 19/38 MP: 4/4
  1512 | D:2      | Found a sparkling altar of Nemelex Xobeh.
  1556 | D:2      | Found an oddly glowing altar of Pakellas.
  1745 | D:3      | Noticed a centaur
  1755 | D:3      | Slain by a centaur

Vault maps used:
D:1:      onia_arrival_handbag, serial_bayou_ford_a
D:2:      marbit_many_paths, grunt_pakellas_mercury,
          nicolae_qazlal_style_of_elements, fedhas_altar_fruit_tree
D:3:      kennysheep_big_flooded_room

Skill      XL: |  1  2  3 |
---------------+----------+-----
Fighting       | 3 |  3.3
Armour         | 1 |  1.3
Bows           | |  5.3
Dodging        | |  1.9
Stealth        | |  0.5

Action                   |  1- 3 |  4- 6 || total
-------------------------+-------+-------++-------
Melee: Short sword       |   131 |    22 ||   153
 Fire: Shortbow          |    21 |     1 ||    22
  Eat: Chunk             |     1 |       ||     1
       Fruit             |       |     6 ||     6
